 Dungeon Crawl Stone Soup version 0.26.0-7-g794d0892b4 (webtiles) character file.

Game seed: 10793912636017214021

373 Jerry the Slasher (level 6, 0/38 HPs)
             Began as a Tengu Abyssal Knight on Jan 11, 2021.
             Was a Believer of Lugonu.
             Slain by Sigmund
             ... wielding a +0 scythe
              (10 damage)
             ... on level 5 of the Dungeon.
             The game lasted 00:15:18 (4333 turns).

Jerry the Slasher (Tengu Abyssal Knight)            Turns: 4333, Time: 00:15:18

Health: 0/38       AC:  4    Str: 14    XL:     6   Next: 71%
Magic:  9/9        EV: 11    Int: 12    God:    Lugonu [**....]
Gold:   327        SH:  0    Dex: 14    Spells: 5/5 levels left

rFire    . . .     SeeInvis .   B - +2 dagger (elec)
rCold    + . .     Faith    .   (no shield)
rNeg     . . .     Spirit   .   b - +0 leather armour
rPois    .         Reflect  .   (helmet restricted)
rElec    .         Harm     .   (no cloak)
rCorr    .         Rampage  .   v - +0 pair of gloves
Will     .....                  (boots unavailable)
Stlth    +.........             y - amulet of magic regeneration
HPRegen  0.12/turn              C - ring of ice
MPRegen  0.36/turn              z - ring of protection from fire

@: no status effects
A: beak, talons 3, able to fly
a: Fly, Renounce Religion, Depart the Abyss, Bend Space


You were on level 5 of the Dungeon.
You worshipped Lugonu.
Lugonu was pleased with you.
You visited 1 branch of the dungeon, and saw 5 of its levels.
You visited the Abyss 1 time.

You collected 327 gold pieces.

Inventory:

Hand Weapons
 a - a +1 falchion
 j - a +0 hunting sling of flaming
 B - a +2 dagger of electrocution (weapon)
Missiles
 l - 27 sling bullets
 x - 3 throwing nets
Armour
 b - a +0 leather armour (worn)
 v - a +0 pair of gloves (worn)
Jewellery
 k - an uncursed ring of wizardry
 y - an amulet of magic regeneration (around neck)
 z - a ring of protection from fire (right hand)
 C - a ring of ice (left hand)
 D - the ring "Efisomus" {rPois rC+, unknown}
   (You found it on level 5 of the Dungeon)

   [ring of poison resistance]

   It protects you from cold.
   It protects you from poison.
Wands
 n - a wand of enslavement (7)
Scrolls
 e - 7 scrolls of identify
 h - 3 scrolls of remove curse {unknown}
 i - 3 scrolls of random uselessness {unknown}
 o - 2 scrolls of amnesia {unknown}
 p - 3 scrolls of teleportation {unknown}
 t - a scroll of noise {unknown}
 u - a scroll of magic mapping {unknown}
 w - a scroll of enchant weapon {unknown}
Potions
 c - 4 potions of might {unknown}
 d - a potion of flight {unknown}
 f - a potion of lignification {unknown}
 g - 10 potions of curing
 m - a potion of degeneration {unknown}
 q - a potion of haste {unknown}
 r - a potion of magic {unknown}
 s - a potion of heal wounds {unknown}
 A - a potion of berserk rage {unknown}


   Skills:
 + Level 4.2 Fighting
 * Level 5.0 Long Blades
 + Level 3.9 Armour
 - Level 1.1 Dodging
 + Level 3.0 Invocations


You had 5 spell levels left.
You didn't know any spells.
Your spell library contained the following spells:

 Spells                   Type           Power        Failure   Level
 Confusing Touch          Hex            0%           77%         3
 Gell's Gravitas          Tloc           0%           77%         3
 Petrify                  Tmut/Erth      0%           99%         4
 Metabolic Englaciation   Hex/Ice        0%           100%        5
 Yara's Violent Unravell  Hex/Tmut       0%           100%        5


Dungeon Overview and Level Annotations

Branches:
Dungeon (5/15)
 Temple: D:4-7

Altars:

Shops:
D:4 (

Annotations:
D:5 Sigmund


Innate Abilities, Weirdness & Mutations

You have a beak for a mouth.
You have claws for feet.
You can fly continuously.


Message History

You start resting.
HP restored.
Sigmund the Dreaded comes into view.
He is wielding a +0 scythe.
Sigmund shouts!
Sigmund points at himself and mumbles some strange words.
Sigmund flickers and vanishes!
Deactivating autopickup; reactivate with Ctrl-A.
Something hits you!
You hit something. You closely miss something. Your kick misses something.
Something hits you.
You miss something. You claw something. You hit something but do no damage.
You claw something. Your peck misses something. Something hits you!
You miss something. You peck something. You completely miss something.
You claw something. Something hits you!
You hit something but do no damage. Something hits you.
* * * LOW HITPOINT WARNING * * *
You hit something. Your peck misses something.
You hit something but do no damage. You claw something! Something hits you!
You die...

### # #.. .# #.# #.##
####### #.#####...##
.......####.##........
#!..{@........#...#.#
#....####.##..#.#.#.#.
##.#. #............<
.. #. ####..#.#.#.#
#.# #. ##........ #.#
#. #.#.#.#.# #.# #.
#........ ... ..
##'#.#.#.#. #.#
##..........


There were no monsters in sight!

Vanquished Creatures
  An ogre (D:4)
  2 orc priests
  2 orc wizards (D:3)
  3 worker ants
  2 adders
  An ooze (D:2)
  2 worms
  4 leopard geckos (D:1)
  8 orcs
  A ball python (D:3)
  5 bats
  4 giant cockroaches
  4 goblins
  7 hobgoblins
  7 jackals
  10 kobolds
  4 quokkas (D:4)
  3 frilled lizards (D:1)
  2 rats
72 creatures vanquished.

Notes
Turn   | Place    | Note
-------+----------+-------------------------------------------
     0 | Abyss:1  | Jerry the Tengu Abyssal Knight began the quest for the Orb.
     0 | Abyss:1  | Reached XP level 1. HP: 14/14 MP: 3/3
    46 | Abyss:1  | Found a corrupted altar of Lugonu.
   118 | D:1      | Escaped the Abyss
   255 | D:1      | Reached XP level 2. HP: 19/19 MP: 4/4
   547 | D:1      | Reached XP level 3. HP: 13/23 MP: 5/5
   737 | D:1      | Reached ** piety under Lugonu
   833 | D:1      | Reached skill level 3 in Long Blades
  1098 | D:2      | Reached XP level 4. HP: 28/28 MP: 6/6
  1475 | D:2      | You fall into a shaft and drop 1 floor!
  2670 | D:3      | Gained mutation: You can fly continuously. [Tengu growth]
  2670 | D:3      | Reached XP level 5. HP: 11/33 MP: 7/7
  2885 | D:3      | Reached skill level 4 in Long Blades
  3020 | D:4      | Found Doemiorch's Antique Weapon Emporium.
  3257 | D:4      | Reached XP level 6. HP: 34/38 MP: 9/9
  3881 | D:5      | Entered Level 5 of the Dungeon
  3983 | D:5      | Got a clouded steel ring
  4122 | D:5      | Reached skill level 5 in Long Blades
  4318 | D:5      | Noticed Sigmund
  4333 | D:5      | Slain by Sigmund

Illustrated notes

Levels and vault maps discovered:
D:1:      wheals_arrival_shading, layout_basic, minmay_tetromino_l4
D:2:      layout_loops_ring
D:3:      layout_loops_cross
D:4:      layout_rooms, serial_shops, shop_fountains, minmay_distorted
D:5:      layout_loops_corners, st_stairs_11, uniq_ijyb, uniq_sigmund

Skill      XL: |  1  2  3  4  5  6 |
---------------+-------------------+-----
Invocations    | 2 3 |  3.0
Long Blades    | 3 4 5 |  5.0
Armour         | 3 |  3.9
Fighting       | 4 |  4.2
Dodging        | |  1.1

Action                   |  1- 3 |  4- 6 || total
-------------------------+-------+-------++-------
Melee: Falchion          |    43 |   105 ||   148
       Kick              |    13 |    42 ||    55
       Peck              |    10 |    21 ||    31
       Dagger            |       |    21 ||    21
 Fire: Hunting sling     |    10 |     6 ||    16
  Use: Potion            |       |     2 ||     2
       Scroll            |       |     1 ||     1
 Stab: Sleeping          |       |     1 ||     1
Armor: Leather armour    |    12 |    18 ||    30
Dodge: Dodged            |    43 |    69 ||   112
       Rpst.: Falchion   |    19 |    19 ||    38
